Map: Galaktischer Prozess LE

Players

JKC

  • Race: Terran Terran

KeepoPrism - Winner!

  • Race: Protoss Protoss
  • League: Diamond

VOD

Have the link to the VOD?

Description

Time

  • Played on: Oct. 5, 2016, 3:13 p.m.
  • Length: 11:25
Show
View Real Time Build Order
Export as new Build Order

JKC Terran 

Build Orders: Reaper Expand, MMM Bio 

Get SALT Encoding   

  12  0:00  SCV  
  13  0:12  SCV  
  14  0:17  Supply Depot  
  14  0:25  SCV  
  15  0:39  SCV  
  15  0:40  Barracks  
  16  0:45  Refinery  
  16  0:51  SCV  
  17  1:03  SCV  
  18  1:17  SCV  
  19  1:29  Reaper  
  19  1:30  Orbital Command  
  20  1:42  Command Center  
  20  1:55  Supply Depot, SCV  
  21  2:07  Barracks Reactor  
  21  2:08  SCV  
  22  2:27  Command Center  
  22  2:28  SCV  
  23  2:41  Factory  
  23  2:42  SCV  
  24  2:44  Marine x2  
  26  2:54  Orbital Command  
  26  2:57  SCV  
  27  3:07  Marine  
  27  3:08  Marine  
  27  3:10  SCV  
  30  3:21  Barracks  
  30  3:22  SCV  
  30  3:24  Refinery  
  30  3:25  Marine x2  
  33  3:30  SCV  
  34  3:37  Bunker  
  34  3:38  SCV  
  35  3:43  Orbital Command  
  35  3:48  SCV  
  36  3:57  SCV  
  36  3:59  Marine x2  
  36  4:00  SCV, Factory Tech Lab  
  40  4:09  SCV  
  41  4:10  Supply Depot  
  41  4:11  Starport  
  41  4:12  SCV  
  41  4:14  SCV  
  43  4:17  Barracks Tech Lab, Supply Depot  
  43  4:20  Siege Tank  
  46  4:24  SCV  
  47  4:31  Engineering Bay, SCV  
  47  4:32  SCV  
  47  4:36  Supply Depot  
  47  4:38  Marine x3  
  50  4:40  Stimpack  
  52  4:47  Medivac  
  52  4:49  SCV  
  55  4:58  Siege Tank  
  55  4:59  Refinery  
  58  5:00  Marine x2  
  60  5:08  Marine, Supply Depot  
  60  5:12  Barracks  
  61  5:14  SCV x2  
  61  5:15  SCV  
  61  5:18  Marine x2  
  61  5:21  Medivac  
  68  5:26  SCV x2  
  68  5:27  Marauder  
  72  5:35  Marine  
  72  5:36  Marine  
  72  5:42  Missile Turret, SCV x2  
  76  5:46  Refinery  
  76  5:47  Marine  
  76  5:48  Missile Turret  
  77  5:53  Marine x2  
  79  6:02  Barracks Tech Lab  
  79  6:06  Marauder  
  80  6:11  Marine  
  80  6:14  Orbital Command  
  80  6:17  Marine  
  82  6:20  Marine  
  82  6:22  Siege Tank  
  82  6:23  Starport Reactor  
  82  6:24  SCV x2  
  88  6:27  Marauder  
  88  6:29  Marine  
  91  6:34  Missile Turret  
  91  6:35  Marine  
  91  6:36  SCV  
  93  6:43  Supply Depot  
  93  6:44  Combat Shields  
  93  6:46  Concussive Shells, Supply Depot  
  93  6:48  Terran Infantry Weapons Level 1  
  93  6:51  Engineering Bay  
  93  6:52  Armory  
  93  7:03  Supply Depot  
  93  7:06  Supply Depot  
  93  7:07  Marine x3, SCV x3  
  93  7:08  Marauder  
  101  7:11  Missile Turret, Supply Depot  
  101  7:18  Missile Turret  
  101  7:24  SCV x3  
  101  7:25  Marauder  
  101  7:28  Marine x2, Siege Tank  
  101  7:29  Marauder  
  112  7:30  Terran Infantry Armor Level 1  
  112  7:31  Supply Depot  
  112  7:35  Barracks  
  112  7:36  Barracks, SCV x3  
  115  7:37  Supply Depot  
  115  7:38  Barracks  
  115  7:40  Supply Depot  
  115  7:46  Marine, Supply Depot  
  115  7:48  SCV  
  115  7:49  SCV x2  
  115  8:00  SCV  
  115  8:01  Supply Depot, SCV x2  
  115  8:05  Marine x3, Supply Depot, Marauder  
  121  8:12  SCV  
  124  8:13  SCV x2  
  124  8:14  Refinery, Medivac x2  
  124  8:16  Supply Depot  
  124  8:17  Terran Ship Weapons Level 1  
  124  8:18  Starport  
  130  8:23  Marine  
  130  8:24  Marauder, SCV  
  130  8:25  Barracks Tech Lab, SCV x2  
  130  8:26  Barracks Tech Lab  
  136  8:29  Barracks  
  136  8:30  Marine, Marauder  
  136  8:31  Supply Depot  
  139  8:36  SCV  
  104  9:13  Marine x3, Marauder  
  104  9:14  Marauder x2  
  104  9:21  Marine  
  91  9:31  Marine x2  
  88  9:32  Marauder  
  88  9:34  Marine  
  88  9:35  Marine, Marauder  
  89  9:38  Marine  
  83  9:49  Marine x2  
  67  9:53  Marauder x3  
  67  9:56  Marine x2  
  62  10:06  Marine  
  62  10:07  Marine  
  49  10:14  Marine x2, Marauder x3  
  53  10:24  Marine x2  
  53  10:27  SCV  
  53  10:32  Marine, Marauder  
  53  10:35  Marine x2, Marauder  
  58  10:40  Starport Tech Lab, Factory Reactor  
  58  10:41  SCV  
  58  10:42  Marine  
  62  10:45  SCV x2  
  64  10:51  Medivac  
  64  10:53  SCV  
  64  10:55  Medivac  
  69  10:57  SCV  
  69  10:58  SCV  
  71  11:05  SCV  
  71  11:10  SCV x2  
Show
View Real Time Build Order
Export as new Build Order

KeepoPrism Protoss - Winner!

Build Orders: 1 Gate Expand, Blink Stalkers 

Get SALT Encoding   

  12  0:01  Probe (Chrono Boost)  
  13  0:12  Probe (Chrono Boost)  
  14  0:18  Pylon  
  14  0:22  Probe (Chrono Boost)  
  15  0:36  Probe (Chrono Boost)  
  15  0:38  Gateway  
  16  0:43  Assimilator  
  16  0:48  Probe (Chrono Boost)  
  17  0:59  Probe (Chrono Boost)  
  18  1:09  Probe (Chrono Boost)  
  19  1:22  Nexus  
  19  1:35  Cybernetics Core  
  19  1:38  Probe (Chrono Boost)  
  20  1:43  Assimilator  
  20  1:51  Probe (Chrono Boost)  
  21  2:04  Pylon  
  22  2:12  Mothership Core (Chrono Boost)  
  22  2:13  Warp Gate  
  23  2:22  Adept  
  25  2:30  Probe (Chrono Boost)  
  25  2:34  Probe (Chrono Boost)  
  27  2:40  Probe (Chrono Boost)  
  28  2:45  Probe (Chrono Boost)  
  28  2:49  Robotics Facility  
  29  2:52  Probe (Chrono Boost)  
  29  2:53  Stalker  
  29  2:56  Probe (Chrono Boost)  
  33  3:02  Probe (Chrono Boost)  
  33  3:03  Pylon  
  34  3:06  Probe (Chrono Boost)  
  34  3:11  Twilight Council  
  35  3:13  Probe (Chrono Boost)  
  35  3:17  Probe (Chrono Boost)  
  37  3:26  Probe (Chrono Boost)  
  38  3:34  Observer  
  38  3:35  Gateway x2  
  39  3:41  Blink  
  39  3:42  Probe (Chrono Boost)  
  39  3:43  Probe (Chrono Boost)  
  41  3:49  Pylon  
  41  4:09  Observer  
  41  4:15  Nexus  
  41  4:16  Pylon  
  44  4:18  Probe x2 (Chrono Boost)  
  44  4:19  Assimilator  
  44  4:28  Warp Prism  
  44  4:31  Probe x2 (Chrono Boost)  
  48  4:41  Stalker x3  
  56  4:46  Probe x2 (Chrono Boost)  
  56  4:55  Pylon  
  56  4:58  Probe x2 (Chrono Boost)  
  58  5:07  Forge  
  58  5:09  Forge  
  58  5:11  Stalker  
  60  5:14  Stalker  
  60  5:15  Stalker  
  66  5:22  Probe x2 (Chrono Boost)  
  67  5:28  Probe (Chrono Boost)  
  67  5:34  Probe x2 (Chrono Boost), Stalker  
  67  5:35  Protoss Ground Armor Level 1, Protoss Ground Weapons Level 1  
  71  5:39  Probe (Chrono Boost)  
  71  5:41  Stalker  
  71  5:42  Stalker  
  76  5:46  Probe (Chrono Boost)  
  77  5:53  Probe x2 (Chrono Boost)  
  80  5:58  Probe (Chrono Boost)  
  73  6:19  Stalker x2  
  73  6:20  Stalker  
  73  6:23  Gateway  
  79  6:27  Gateway  
  79  6:28  Gateway x2  
  79  6:29  Assimilator  
  79  6:30  Gateway, Assimilator  
  77  6:42  Probe x2 (Chrono Boost)  
  77  6:43  Pylon x2  
  79  6:50  Probe (Chrono Boost)  
  82  6:54  Probe x2 (Chrono Boost)  
  82  7:07  Gateway  
  82  7:09  Gateway  
  82  7:10  Gateway  
  82  7:11  Observer  
  82  7:13  Probe x3 (Chrono Boost), Resonating Glaives  
  82  7:14  Gateway  
  86  7:17  Protoss Ground Weapons Level 2, Protoss Ground Armor Level 2, Adept x2  
  86  7:18  Adept  
  92  7:30  Adept x2  
  92  7:31  Pylon x2, Adept x3  
  92  7:32  Pylon  
  92  7:37  Warp Prism  
  104  8:03  Stalker x6  
  104  8:04  Adept, Stalker  
  120  8:35  Pylon  
  120  8:36  Pylon  
  120  8:38  Pylon x2, Stalker x2  
  120  8:39  Adept x4  
  120  8:41  Pylon, Adept  
  117  9:02  Pylon  
  101  9:08  Pylon, Adept x8  
  101  9:20  Adept x3  
  103  9:46  Pylon  
  103  9:47  Nexus  
  103  9:58  Stalker x5  
  93  10:33  Adept x5  
  93  10:34  Stalker x4  
  110  10:36  Sentry  
  110  10:37  Sentry  
  114  10:49  Stalker  
  116  10:59  Stalker x3  
  116  11:03  Stalker  
  124  11:11  Adept x2  
  124  11:12  Adept  
Tags
 
Add a new tag
Caveats
  • Supply blocks, unpowered buildings, or Contaminate may cause inaccurate times.
  • Supply counts are checked every 10 seconds.